 Dungeon Crawl Stone Soup version 0.29-a0-876-gfc89b1a5bd (webtiles) character file.

Game seed: 8095242166018977860

58 Orthodox the Trooper (level 3, -2/30 HPs)
             Began as a Demonspawn Fighter on July 19, 2022.
             Slain by Crazy Yiuf
             ... wielding a +2 quarterstaff of chaos
              (12 damage)
             ... on level 2 of the Dungeon.
             The game lasted 00:08:08 (2309 turns).

Orthodox the Trooper (Demonspawn Fighter)           Turns: 2309, Time: 00:08:08

Health: -2/30      AC:  6    Str: 16    XL:     3   Next: 75%
Magic:  3/3        EV:  8    Int:  9    God:
Gold:   109        SH:  5    Dex: 14    Spells: 2/2 levels left

rFire   . . .      SeeInvis .   a - +0 flail
rCold   . . .      Faith    .   c - +0 buckler
rNeg    . . .      Spirit   .   b - +0 scale mail
rPois   .          Reflect  .   (no helmet)
rElec   .          Harm     .   (no cloak)
rCorr   .          Rampage  .   (no gloves)
Will    .....                   (no boots)
Stlth   ..........              (no amulet)
HPRegen 0.10/turn               (no ring)
MPRegen 0.08/turn               (no ring)

@: hasted, very quick
A: claws 1
a: no special abilities


You were on level 2 of the Dungeon.
You visited 1 branch of the dungeon, and saw 2 of its levels.

You collected 109 gold pieces.

Inventory:

Hand Weapons
 a - a +0 flail (weapon)
Armour
 b - a +0 scale mail (worn)
 c - a +0 buckler (worn)
Scrolls
 e - 2 scrolls of identify {unknown}
 f - a scroll of teleportation {unknown}
Potions
 d - a potion of might
 g - 2 potions of flight {unknown}
 h - a potion of heal wounds {unknown}


   Skills:
 * Level 3.7 Fighting
 * Level 2.6 Maces & Flails
 - Level 3.0 Armour
 - Level 3.0 Shields


You had 2 spell levels left.
You didn't know any spells.
Your spell library contained the following spells:

 Spells                   Type           Power      Damage    Failure   Level
 Stone Arrow              Conj/Erth      0%         3d7       99%         3
 Animate Armour           Summ/Erth      0%         N/A       100%        4
 Lehudib's Crystal Spear  Conj/Erth      0%         10d2      100%        8


Dungeon Overview and Level Annotations

Branches:
Dungeon (2/15)

Altars:

Annotations:
D:2 Crazy Yiuf


Innate Abilities, Weirdness & Mutations

You have sharp fingernails.


Message History

No target in view!
There is a stone staircase leading down here.
Key pressed, stopping explore.
Key pressed, stopping explore.
Key pressed, stopping explore.
There is an open door here.
There is an open door here.
Key pressed, stopping explore.
Key pressed, stopping explore.
There is a stone staircase leading up here.
You see here a +0 flail.
You see here a hobgoblin skeleton.
Crazy Yiuf shouts!
Health restored: 30 Could not explore, unopened runed door.
Could not explore, unopened runed door.
Could not explore, unopened runed door.
Okay, then.
Okay, then.
Unknown command.
Unknown command.
As you open the door, it creaks loudly!
You hit Crazy Yiuf but do no damage. Crazy Yiuf closely misses you.
You closely miss Crazy Yiuf.
Crazy Yiuf says, "Citrus Hive alas!"
Crazy Yiuf hits you with a +2 quarterstaff of chaos!
You take 12 damage, and have 18/30 hp.
MASSIVE DAMAGE!!
You barely miss Crazy Yiuf. Crazy Yiuf barely misses you. x2
You hit Crazy Yiuf but do no damage.
Crazy Yiuf hits you with a +2 quarterstaff of chaos.
You take 3 damage, and have 16/30 hp.
You closely miss Crazy Yiuf.
Crazy Yiuf hits you with a +2 quarterstaff of chaos.
You feel yourself speed up.
You take 6 damage, and have 10/30 hp.
You hit Crazy Yiuf but do no damage. Crazy Yiuf barely misses you.
You hit Crazy Yiuf.
Crazy Yiuf is moderately wounded.
Crazy Yiuf hits you with a +2 quarterstaff of chaos!
You die...

#.# #.##.## #.#
#.....#
#.####.##..#
#.......####
#####.÷## ##.#
#.###♣♣ ###
#...+.♣♣ ♣♣#..)#
#......♣♣♣♣@g...#
##......♣..♣#...#
##.+..♣.♣♣♣ ###
###♣♣♣♣♣


You could see Crazy Yiuf.

Vanquished Creatures
  An adder (D:1)
  2 dart slugs (D:1)
  4 ball pythons
  3 bats
  2 endoplasms
  5 giant cockroaches (D:1)
  4 goblins
  5 hobgoblins
  3 jackals (D:2)
  2 kobolds
  A quokka (D:2)
  A frilled lizard (D:1)
  4 rats
  A spectral goblin (D:1)
38 creatures vanquished.

Notes
Turn   | Place    | Note
-------+----------+-------------------------------------------
     0 | D:1      | Orthodox the Demonspawn Fighter began the quest for the
                  | Orb.
     0 | D:1      | Reached XP level 1. HP: 18/18 MP: 1/1
   415 | D:1      | Upgraded the game from 0.29-a0-872-g797fff5ad1 to
                  | 0.29-a0-876-gfc89b1a5bd
   432 | D:1      | Gained mutation: You have sharp fingernails. [demonic
                  | ancestry]
   432 | D:1      | Reached XP level 2. HP: 19/24 MP: 2/2
   693 | D:1      | Found a faded altar of an unknown god.
  1148 | D:1      | Reached XP level 3. HP: 19/29 MP: 3/3
  1993 | D:2      | Found a runed translucent door.
  1994 | D:2      | Noticed Crazy Yiuf
  2309 | D:2      | Slain by Crazy Yiuf

Illustrated notes

Levels and vault maps discovered:
D:1:      dpeg_arrival_three_bigger_balls, layout_basic,
          dreamdust_ecumenical_altar_drowned_temple
D:2:      layout_basic, kennysheep_flooded_box, uniq_crazy_yiuf_cottage

Skill      XL: |  1  2  3 |
---------------+----------+-----
Maces & Flails | 2 |  2.6
Armour         | 3 |  3.0
Shields        | 3 |  3.0
Fighting       | |  3.7

Action                   || total
-------------------------++-------
Melee: Flail             ||   146
Armor: Scale mail        ||    85
Dodge: Dodged            ||    72
Block: Buckler           ||    31

Table legend: (Time is in decaauts)
 A = Elapsed time spent in this place.
 B = Non-inter-level travel time spent in this place.
 C = Inter-level travel time spent in this place.
 D = Time resting spent in this place.
 E = Time spent auto-exploring this place.
 F = Levels seen in this place.
 G = Mean time per level.
                   A        B        C        D        E       F      G
               +--------+--------+--------+--------+--------+-----+--------+
         Total |   2369 |   2302 |     67 |    612 |   1330 |   2 | 1184.5 |
       Dungeon |   2369 |   2302 |     67 |    612 |   1330 |   2 | 1184.5 |
               +--------+--------+--------+--------+--------+-----+--------+

Top non-repeatable levels by time:
     D:1: 1418 daAuts
     D:2: 951 daAuts
